Unix NetHack Version 5.0.0-0 post-release - last build May 23 2026 06:08:33 (1c0ff79ee797540d5714e4e18072db0edd9e58ae,branch:main).

Game began 2026-05-29 14:43:42, ended 2026-05-29 15:00:30.

Atomicjoy, chaotic male elven Wizard

                                                                       ---
                                                                       |..|
                                                                     ---..--
                                                               ----- |.....|
                                                             --....--|.....|
                                                            |.......---.----
                                                           --.....G..--.|
                                                          --..)...h.....|-----
                                                         |...- -@....----|...|
                                                        --.-- --........--...--
                                                       |...|  |^..f...........|
                                                       |.--   |....|.........--
                                                       -%|    --------.......|
                                                    ---..|           --......|
                                                   --*..--            -.---.--
                                                 ..|..---             .-- ---
                                                 .<..-
                                                 ...-

Atomicjoy the Evoker      St:11 Dx:12 Co:14 In:20 Wi:9 Ch:11  Chaotic
Dlvl:4  $:137 HP:0(14) Pw:8(8) AC:8  Xp:1/5 T:1063 

Latest messages:
 The gnome lord secures the tether on the thonged club.
 You hear some noises in the distance.
 The gnome lord throws a thonged club!
 You are hit by a thonged club.
 You hear some noises in the distance.
 You swap places with your kitten.
 The gnome lord throws a dagger!
 You are hit by a dagger.
 You see here a dagger.
 M - a dagger (2 in total).
 The gnome lord throws a thonged club!
 You are almost hit by a thonged club.
 The gnome lord throws a thonged club!
 You are hit by a thonged club.
 You hear crashing rock.
 You swap places with your kitten.
 The gnome lord throws a thonged club!
 You are hit by a thonged club!
 The gnome lord throws a thonged club!
 The thonged club hits the kitten!
 Click!  You trigger a rolling boulder trap!
 Fortunately for you, no boulder was released.
 Are you sure you want to pray? [yn] (n) y
 You begin praying to Anhur.
 You are surrounded by a shimmering light.
 The gnome lord wields a thonged club!
 The gnome lord secures the tether on the thonged club.
 You finish your prayer.
 You feel that Anhur is pleased.
 You feel much better.
 The kitten picks up a thonged club.
 You hear crashing rock.
 The gnome lord throws a dagger!
 You are hit by a dagger.
 You learn more about your items by comparing them.
 M - a cursed dagger (3 in total).
 The gnome lord throws a dagger!
 You are hit by a dagger.
 M - a cursed dagger (4 in total).
 The kitten drops a thonged club.
 You are carrying too much to get through.
 You stop.  Your kitten is in the way!
 The gnome lord throws a thonged club!
 You are hit by a thonged club!
 You have a little trouble lifting a thonged club.  Continue? [ynq] (q) n
 The gnome lord throws a thonged club!
 You are hit by a thonged club!
 You die...
 Do you want your possessions identified? [ynq] (y) y
 Do you want to see your attributes? [ynq] (y) q

Inventory:
 Coins    ('$')
  $ - 137 gold pieces
 Weapons  (')')
  L - 22 +0 darts
  J - 9 rusty +0 darts
  u - a +0 dagger (weapon in right hand)
  M - 4 cursed -1 daggers
  a - a blessed +1 quarterstaff (alternate weapon; not wielded)
 Armor    ('[')
  q - a blessed +0 helm of telepathy (being worn)
  b - an uncursed +0 cloak of magic resistance (being worn)
  F - an uncursed +0 cloak of protection
 Comestibles  ('%')
  G - 2 uncursed slime molds
  v - 2 uncursed food rations
  t - an uncursed tripe ration
  r - an uncursed lichen corpse
 Scrolls  ('?')
  H - a blessed scroll of confuse monster
  j - an uncursed scroll of confuse monster
  I - an uncursed scroll of enchant weapon
  k - an uncursed scroll of identify
  B - an uncursed scroll of stinking cloud
  i - an uncursed scroll of taming
 Spellbooks  ('+')
  m - an uncursed spellbook of detect food
  l - a blessed spellbook of force bolt
  z - an uncursed spellbook of identify
  w - an uncursed spellbook of magic mapping
 Potions  ('!')
  h - a blessed potion of extra healing
  x - a cursed potion of extra healing
  g - 2 uncursed potions of healing
  f - an uncursed potion of object detection
  C - a blessed potion of sleeping
 Rings    ('=')
  e - an uncursed ring of teleport control
  d - an uncursed ring of warning
 Wands    ('/')
  c - a wand of light (0:11)
 Tools    ('(')
  o - an uncursed tooled horn
  n - a magic marker (0:21)
  s - an uncursed mirror
 Gems/Stones  ('*')
  K - 2 cursed citrine stones
  A - an uncursed jade stone
  E - an uncursed obsidian stone
  y - an uncursed worthless piece of blue glass

Atomicjoy the Wizard's attributes:

Background:
 You were an Evoker, a level 1 male elven Wizard.
 You were chaotic, on a mission for Anhur
 who was opposed by Ptah (lawful) and Thoth (neutral).
 You were right-handed.
 You were in the Gnomish Mines, on level 4.
 You entered the dungeon 1063 turns ago.
 You had 5 experience points, 15 more were needed to attain level 2.

Basics:
 You had 0 out of 14 hit points.
 You had all 8 energy points (spell power).
 Your armor class was 8.
 Your wallet contained 137 zorkmids.
 Autopickup was off.

Final Characteristics:
 Your strength was 11 (limit:18).
 Your dexterity was 12 (limit:18).
 Your constitution was 14 (limit:16).
 Your intelligence was 20 (limit:20).
 Your wisdom was 9 (limit:20).
 Your charisma was 11 (limit:18).

Final Status:
 You weren't hungry.
 You were unencumbered.
 You were wielding a dagger.
 You were unskilled in dagger.

Final Attributes:
 You were fervently aligned.
 You were magic-protected.
 You were telepathic.
 You had infravision.
 You were warded.
 You are dead.

Miscellaneous:
 You didn't encounter any bones levels.
 Total elapsed playing time was 16 minutes and 45 seconds.

Major events:
 Turn
    1: Atomicjoy the chaotic male elven Wizard entered the dungeon
  708: entered the Gnomish Mines
 1063: killed by an aklys

Spells:
 Name                 Level Category     Fail Retention
 force bolt             1   attack         0%  91%-100%
 detect food            2   divination    63%  76%-100%
 magic mapping          5   divination   100%  76%-100%

Skills:
 Fighting Skills
   bare handed combat [Unskilled]
   riding             [Unskilled]
 Weapon Skills
   dagger             [Unskilled]
   knife              [Unskilled]
   axe                [Unskilled]
   short sword        [Unskilled]
   club               [Unskilled]
   mace               [Unskilled]
   quarterstaff       [Basic]
   polearms           [Unskilled]
   spear              [Unskilled]
   trident            [Unskilled]
   sling              [Unskilled]
   dart               [Unskilled]
   shuriken           [Unskilled]
 Spellcasting Skills
   attack spells      [Basic]
   healing spells     [Unskilled]
   divination spells  [Unskilled]
   enchantment spells [Basic]
   clerical spells    [Unskilled]
   escape spells      [Unskilled]
   matter spells      [Unskilled]

Voluntary challenges:
 Character rerolling was not enabled.
 You followed a strict vegan diet.
 You never genocided any monsters.
 You never polymorphed an object.
 You never changed form.
 You used no wishes.
Achievement:
 You entered the Gnomish Mines.

 The Dungeons of Doom: levels 1 to 4
    Level 1:
    Level 2:
       An altar, a fountain.
    Level 3:
       Some fountains.
       Stairs down to The Gnomish Mines.
    Level 4:
 The Gnomish Mines:
    Level 4: <- You were here.
       Final resting place for
          you, killed by an aklys.


Vanquished creatures:
  3 gnomes
  a gecko
  a jackal
  a fox
  2 sewer rats
  4 grid bugs
  2 lichens
  2 kobold zombies
  3 newts
19 creatures vanquished.

No species were genocided or became extinct.

Game over:
                       ----------
                      /          \
                     /    REST    \
                    /      IN      \
                   /     PEACE      \
                  /                  \
                  |    Atomicjoy     |
                  |      137 Au      |
                  |   killed by an   |
                  |      aklys       |
                  |                  |
                  |                  |
                  |       2026       |
                 *|     *  *  *      | *
        _________)/\\_//(\/(/\)/\//\/|_)_______

Goodbye Atomicjoy the Wizard...

You died in The Gnomish Mines on dungeon level 4 with 304 points,
and 137 pieces of gold, after 1063 moves.
You were level 1 with a maximum of 14 hit points when you died.

